 Dungeon Crawl Stone Soup version 0.18.1-1-g2f07953 (webtiles) character file.

697 jacquesderrida the Charmwright (level 7, 32/56 HPs)
             Began as a Centaur Skald on May 7, 2016.
             Quit the game on level 7 of the Dungeon.
             The game lasted 00:14:29 (2467 turns).

jacquesderrida the Charmwright (Centaur Skald)      Turns: 2467, Time: 00:14:30

Health: 32/56      AC:  7    Str: 15    XL:     7   Next: 37%
Magic:  9/9        EV:  8    Int: 12    God:
Gold:   170        SH:  0    Dex: 11    Spells: 3 memorised, 2 levels left

rFire  . . .     SeeInvis .     y - +0 trident
rCold  + . .     Gourm    .     n - +1 leather armour {rC+}
rNeg   . . .     Faith    .     (no shield)
rPois  .         Spirit   .     (no helmet)
rElec  .         Dismiss  .     x - +0 cloak
rCorr  .         Reflect  .     r - +0 pair of gloves
SustAt +         Harm     .     (no barding)
MR     +....                    h - amulet of magic regeneration
Stlth  +.........               (no ring)
                                p - ring of sustain attributes

@: very slightly contaminated, heavily drained, very quick, somewhat resistant
to hostile enchantments, very unstealthy
A: hooves 3, agile 1, deformed body, speed 2, magic resistance 1, tough skin 3
a: no special abilities


You were on level 7 of the Dungeon.
You were not hungry.

You visited 1 branch of the dungeon, and saw 7 of its levels.

You collected 170 gold pieces.

Inventory:

Hand Weapons
 y - a +0 trident (weapon)
Missiles
 q - 32 poisoned needles
Armour
 b - a +0 leather armour
 n - a +1 leather armour of cold resistance (worn)
 r - a +0 pair of gloves (worn)
 x - a +0 cloak (worn)
Jewellery
 h - an amulet of magic regeneration (around neck)
 p - a ring of sustain attributes (left hand)
Scrolls
 f - 5 scrolls of identify
 g - 2 scrolls of random uselessness {unknown}
 i - a scroll of fear {unknown}
 j - a scroll of blinking {unknown}
 k - a scroll of teleportation {unknown}
 l - 2 scrolls of magic mapping {unknown}
 m - a scroll of remove curse {unknown}
 o - a scroll of fog {unknown}
 v - 2 scrolls of enchant armour {unknown}
Potions
 e - a potion of might
 u - a potion of curing
 z - a potion of cancellation
 A - a potion of heal wounds
Books
 a - a book of the Earth

   Spells                             Type                      Level
   a - Leda's Liquefaction            Hexes/Earth                  4
   b - Bolt of Magma                  Conjuration/Fire/Earth       5
   c - Statue Form                    Transmutation/Earth          6
   d - Iron Shot                      Conjuration/Earth            6
   e - Shatter                        Earth                        9
 c - a book of Battle

   Spells                             Type                      Level
   a - Infusion                       Charms                       1
   b - Shroud of Golubria             Charms/Translocation         2
   c - Song of Slaying                Charms                       2
   d - Spectral Weapon                Hexes/Charms                 3
   e - Regeneration                   Charms/Necromancy            3
 w - a book of Flames

   Spells                             Type                      Level
   a - Flame Tongue                   Conjuration/Fire             1
   b - Throw Flame                    Conjuration/Fire             2
   c - Conjure Flame                  Conjuration/Fire             3
   d - Inner Flame                    Hexes/Fire                   3
   e - Sticky Flame                   Conjuration/Fire             4
   f - Fireball                       Conjuration/Fire             5
Comestibles
 d - 2 bread rations
 s - 2 beef jerkies
 t - 2 fruits


   Skills:
 + Level 2.7(1.4) Fighting
 + Level 4.5(3.1) Polearms
 - Level 0.6(0.0) Armour
 - Level 0.6(0.0) Dodging
 - Level 1.5(0.3) Spellcasting
 + Level 5.0(3.6) Charms
 + Level 3.6(2.3) Necromancy


You had 2 spell levels left.
You knew the following spells:

 Your Spells              Type           Power        Failure   Level  Hunger
a - Infusion              Chrm           #...         12%         1    ##.....
b - Spectral Weapon       Hex/Chrm       #.......     69%         3    ####...
r - Regeneration          Chrm/Necr      #.........   34%         3    ####...


Dungeon Overview and Level Annotations

Branches:
Dungeon (7/15)
 Temple: D:4-7

Altars:
Sif Muna

Annotations:
D:4 Sagrath01's ghost, novice KoBe
D:6 Dowan; Duvessa
D:7 Joseph


Innate Abilities, Weirdness & Mutations

You have hooves in place of feet.
Armour fits poorly on your strangely shaped body.
You cover ground very quickly.
You have extremely tough skin (AC +3).
You are agile. (Dex +2)
You are resistant to hostile enchantments.


Message History

Read which item? (? for menu, Esc to quit)
Identify which item? (\ to view known items) (? for menu, Esc to quit)
As you read the scroll of identify, it crumbles to dust.
z - a potion of cancellation Read which item? (? for menu, Esc to quit)
Identify which item? (\ to view known items) (? for menu, Esc to quit)
As you read the scroll of identify, it crumbles to dust.
A - a potion of heal wounds You climb downwards.
Level annotation: Joseph A quokka comes into view.
Found a hand axe.
There is a stone staircase leading up here.
Unknown command.
An ogre comes into view. It is wielding a giant club.
Found a scroll of identify.
You miss the quokka. Your kick misses the quokka. The quokka bites you. x2
You completely miss the quokka.
The quokka bites you but does no damage.
Are you sure you want to abandon this character and quit the game? (Confirm with "yes".)

#
###.######
........<##
...#.....#
#..@..#
#..r..#
#..O..#
#...).#
#.....#
#.....#
#?....#
#######


You could see an ogre and a quokka.

Vanquished Creatures
  An ogre (D:4)
  A giant frog (D:6)
  A wight (D:6)
  A crimson imp (D:6)
  A giant frog zombie (D:5)
  A giant frog skeleton (D:6)
  2 orc priests (D:5)
  2 hounds (D:6)
  2 orc wizards
  An iguana (D:6)
  4 worker ants
  A hound skeleton (D:6)
  5 adders
  A shadow imp (D:6)
  An ooze (D:5)
  2 worms
  9 orcs
  5 ball pythons
  3 giant cockroaches
  4 goblins
  4 hobgoblins
  7 jackals (D:3)
  A quokka (D:5)
  2 bats
  A giant gecko skeleton (D:4)
  4 giant newts
  3 kobolds
  2 rats
72 creatures vanquished.

Notes
Turn   | Place    | Note
--------------------------------------------------------------
     0 | D:1      | jacquesderrida the Centaur Skald began the quest for the Orb.
     0 | D:1      | Reached XP level 1. HP: 17/17 MP: 3/3
   167 | D:1      | Reached XP level 2. HP: 19/24 MP: 4/4
   227 | D:2      | Reached skill level 3 in Charms
   249 | D:2      | Found a deep blue altar of Sif Muna.
   372 | D:2      | Reached XP level 3. HP: 14/29 MP: 1/5
   400 | D:2      | Learned a level 3 spell: Regeneration
   807 | D:3      | Reached skill level 1 in Necromancy
   964 | D:4      | Reached XP level 4. HP: 29/36 MP: 6/6
  1140 | D:4      | Noticed an ogre
  1192 | D:4      | Killed an ogre
  1192 | D:4      | Reached XP level 5. HP: 13/41 MP: 7/7
  1261 | D:4      | Reached skill level 4 in Charms
  1278 | D:4      | Noticed Sagrath01's ghost (novice KoBe)
  1288 | D:5      | Entered Level 5 of the Dungeon
  1532 | D:6      | Reached XP level 6. HP: 40/48 MP: 8/8
  1589 | D:6      | Learned a level 3 spell: Spectral Weapon
  1744 | D:6      | Noticed Dowan
  1750 | D:6      | Noticed Duvessa
  1752 | D:6      | Gained mutation: You are agile. (Dex +2) [potion of beneficial mutation]
  1753 | D:6      | Gained mutation: You are resistant to hostile enchantments. [potion of beneficial mutation]
  2219 | D:6      | Reached XP level 7. HP: 55/55 MP: 9/9
  2264 | D:7      | Noticed Joseph
  2351 | D:6      | Reached skill level 5 in Charms
  2467 | D:7      | Quit the game

Skill      XL: |  1  2  3  4  5  6  7 |
---------------+----------------------+-----
Polearms       | 2 3 4 |  4.5
Charms         | 3 4 5 |  5.0
Necromancy     | 1 2 3 |  3.6
Fighting       | |  2.7
Armour         | |  0.6
Dodging        | |  0.6
Spellcasting   | |  1.5

Action                   |  1- 3 |  4- 6 |  7- 9 || total
-------------------------+-------+-------+-------++-------
Melee: Spear             |   148 |   198 |       ||   346
       Kick              |    12 |    42 |    14 ||    68
       Trident           |       |     8 |    61 ||    69
 Cast: Infusion          |     1 |     1 |       ||     2
       Regeneration      |       |    19 |     4 ||    23
       Spectral Weapon   |       |     2 |       ||     2
  Use: Potion            |     1 |     6 |       ||     7
       Scroll            |       |       |     3 ||     3
  Eat: Chunk             |       |     8 |     3 ||    11
Armor: Leather armour    |    36 |    52 |    22 ||   110
Dodge: Dodged            |    42 |    81 |    22 ||   145
